Map: Deathaura LE

Players

Trap - Winner!

  • Race: Protoss Protoss
  • League: Master
  • Spawn Location: 5:00

Rogue

  • Race: Zerg Zerg
  • Spawn Location: 11:00

VOD

Have the link to the VOD?

Description

Time

  • Played on: Jan. 13, 2021, 12:32 p.m.
  • Length: 9:21
Show
View Real Time Build Order
Export as new Build Order

Trap Protoss - Winner!

Build Orders: 1 Gate Expand, Oracle Opening 

Get SALT Encoding   

  12  0:00  Probe  
  13  0:12  Probe  
  14  0:17  Pylon  
  14  0:24  Probe  
  14  0:27  Assimilator  
  15  0:36  Probe (Chrono Boost)  
  15  0:42  Gateway  
  16  0:48  Probe (Chrono Boost)  
  17  0:54  Probe (Chrono Boost)  
  18  1:03  Probe  
  19  1:15  Probe  
  20  1:21  Nexus  
  20  1:31  Cybernetics Core  
  20  1:34  Probe  
  21  1:41  Assimilator  
  21  1:46  Probe  
  22  1:50  Pylon  
  22  1:58  Probe  
  23  2:05  Stalker (Chrono Boost)  
  25  2:10  Probe  
  26  2:16  Stargate  
  26  2:23  Warp Gate, Probe (Chrono Boost)  
  26  2:29  Adept  
  29  2:34  Probe (Chrono Boost)  
  31  2:41  Probe (Chrono Boost)  
  31  2:43  Probe (Chrono Boost)  
  32  2:48  Probe (Chrono Boost)  
  32  2:50  Probe  
  34  2:59  Adept, Probe, Oracle (Chrono Boost)  
  34  3:02  Probe  
  41  3:09  Pylon  
  41  3:11  Probe  
  42  3:14  Probe  
  43  3:20  Gateway  
  43  3:23  Probe  
  43  3:26  Probe, Oracle (Chrono Boost)  
  48  3:35  Probe  
  48  3:38  Assimilator, Probe  
  48  3:39  Assimilator  
  50  3:43  Pylon  
  50  3:48  Robotics Facility  
  50  3:49  Probe  
  50  3:51  Probe  
  52  4:01  Probe  
  53  4:03  Probe  
  53  4:08  Gateway  
  53  4:09  Gateway  
  54  4:13  Probe  
  54  4:15  Probe  
  56  4:18  Pylon  
  56  4:21  Sentry x2  
  60  4:28  Nexus  
  60  4:36  Immortal (Chrono Boost)  
  64  4:47  Sentry  
  64  4:49  Sentry  
  64  4:50  Gateway  
  64  4:52  Gateway  
  68  5:00  Shield Battery  
  68  5:05  Warp Prism (Chrono Boost)  
  68  5:07  Pylon  
  70  5:15  Pylon  
  70  5:25  Probe x2  
  70  5:26  Sentry x2  
  76  5:28  Zealot  
  76  5:34  Stalker, Observer  
  76  5:35  Pylon  
  81  5:41  Probe x3  
  81  5:42  Pylon  
  84  5:56  Stalker x3  
  87  5:57  Stalker  
  87  5:59  Probe x3  
  92  6:09  Forge  
  92  6:10  Twilight Council  
  92  6:11  Probe  
  92  6:12  Probe  
  92  6:13  Probe  
  95  6:18  Pylon  
  95  6:25  Probe (Chrono Boost)  
  98  6:28  Pylon, Probe x2 (Chrono Boost)  
  98  6:30  Protoss Ground Weapons Level 1 (Chrono Boost)  
  98  6:31  Immortal  
  102  6:34  Blink (Chrono Boost)  
  102  6:35  Probe (Chrono Boost)  
  102  6:38  Probe x2 (Chrono Boost)  
  105  6:41  Probe  
  106  6:48  Probe x2  
  106  6:51  Stalker x4  
  114  7:06  Stalker  
  114  7:07  Stalker  
  114  7:08  Probe x3  
  121  7:11  Pylon  
  121  7:14  Pylon  
  121  7:18  Gateway  
  121  7:19  Gateway  
  121  7:20  Immortal (Chrono Boost)  
  124  7:34  Stalker x4  
  124  7:36  Assimilator  
  132  7:38  Assimilator  
  132  7:41  Zealot  
  132  7:42  Stalker  
  136  7:44  Pylon  
  136  7:51  Pylon  
  136  7:57  Observer (Chrono Boost)  
  137  8:04  Stalker x4  
  145  8:05  Stalker x2  
  149  8:28  Zealot  
  149  8:29  Zealot  
  149  8:30  Stalker  
  149  8:31  Stalker x5  
  165  8:39  Pylon  
  163  8:41  Pylon  
  133  8:58  Stalker x7  
  133  8:59  Stalker  
Show
View Real Time Build Order
Export as new Build Order

Rogue Zerg 

Build Orders: Hatch First 

Get SALT Encoding   

  12  0:00  Drone  
  13  0:13  Overlord  
  13  0:16  Drone  
  14  0:31  Drone  
  15  0:44  Hatchery  
  15  0:47  Drone  
  15  0:51  Drone  
  15  0:55  Drone  
  17  0:58  Drone  
  18  1:09  Extractor  
  17  1:14  Spawning Pool  
  17  1:18  Drone  
  17  1:20  Drone  
  18  1:31  Drone  
  19  1:42  Drone  
  20  1:52  Overlord  
  20  2:00  Queen x2  
  25  2:01  Zergling x2  
  25  2:03  Zergling x2  
  26  2:08  Drone  
  26  2:12  Metabolic Boost  
  26  2:14  Drone  
  28  2:18  Drone  
  29  2:24  Drone  
  29  2:29  Drone  
  31  2:40  Hatchery  
  31  2:42  Queen  
  32  2:48  Overlord  
  33  2:51  Drone  
  33  2:53  Drone  
  33  2:54  Drone  
  33  2:57  Drone  
  36  3:07  Drone x2  
  36  3:12  Drone x4  
  42  3:18  Queen  
  44  3:20  Overlord  
  44  3:32  Roach Warren, Drone  
  44  3:36  Spore Crawler  
  44  3:37  Drone  
  44  3:39  Spore Crawler  
  43  3:41  Drone x4  
  43  3:42  Evolution Chamber  
  43  3:44  Drone x2  
  49  3:50  Drone x2  
  49  3:51  Drone  
  51  3:56  Drone x2  
  51  4:02  Overlord  
  53  4:04  Drone  
  53  4:08  Zerg Missile Weapons Level 1  
  54  4:10  Queen  
  54  4:11  Spore Crawler  
  54  4:12  Drone x2  
  54  4:15  Spore Crawler  
  56  4:17  Overlord  
  56  4:21  Overlord  
  56  4:22  Drone  
  57  4:31  Overlord  
  57  4:32  Roach Warren  
  57  4:35  Extractor, Drone  
  57  4:36  Drone x4  
  57  4:38  Zergling x4  
  62  4:45  Drone  
  62  4:46  Drone x5  
  62  4:48  Drone  
  62  4:49  Drone  
  62  4:52  Extractor x2  
  69  4:53  Lair  
  69  4:55  Zergling x2  
  69  4:57  Drone  
  70  5:01  Drone x2  
  70  5:02  Drone  
  70  5:05  Extractor x2  
  71  5:08  Zergling x6  
  73  5:17  Roach x5  
  73  5:20  Drone x2  
  81  5:27  Overlord x2  
  81  5:29  Overlord  
  81  5:37  Overlord  
  81  5:40  Drone  
  81  5:43  Overlord  
  81  5:48  Ravager x5  
  81  5:49  Drone x8  
  93  5:53  Roach  
  93  5:54  Roach  
  93  5:56  Drone  
  98  5:57  Drone x2  
  98  6:00  Roach  
  98  6:02  Roach  
  103  6:07  Roach x2  
  103  6:08  Glial Reconstitution  
  106  6:14  Drone  
  106  6:15  Drone  
  108  6:20  Zerg Missile Weapons Level 2  
  108  6:27  Overlord  
  108  6:29  Hatchery, Pneumatized Carapace  
  108  6:32  Drone  
  108  6:33  Infestation Pit  
  108  6:36  Roach x4  
  108  6:37  Zergling x2  
  114  6:47  Hatchery  
  114  6:51  Drone  
  114  6:52  Hydralisk Den, Overlord x2  
  113  6:57  Overseer  
  113  7:00  Roach x7  
  126  7:03  Roach  
  126  7:08  Drone  
  123  7:09  Hive  
  123  7:13  Ravager x2  
  123  7:14  Zergling x6  
  128  7:17  Hatchery  
  128  7:18  Overlord  
  128  7:19  Zergling x4  
  129  7:24  Zergling x10  
  134  7:31  Lurker Den  
  134  7:34  Overlord  
  134  7:35  Drone x3  
  134  7:36  Drone  
  134  7:37  Overlord  
  137  7:47  Drone x3  
  137  7:48  Drone x5  
  137  7:50  Ravager  
  146  7:51  Overlord  
  143  7:58  Roach  
  143  7:59  Roach x2, Ravager x2  
  143  8:00  Ravager  
  143  8:02  Roach x2  
  154  8:12  Extractor, Roach x5  
  163  8:16  Extractor  
  163  8:19  Ravager x2  
  163  8:20  Roach x3, Ravager  
  163  8:21  Overlord  
  164  8:28  Roach x2  
  164  8:30  Overlord  
  164  8:33  Zergling x10  
  172  8:40  Zergling x2  
  174  8:41  Zergling x2  
  159  8:50  Roach  
  159  8:51  Roach x7  
  159  8:52  Roach  
  136  8:57  Roach  
  136  8:59  Roach  
  136  9:01  Roach  
Tags
 
Add a new tag
Caveats
  • Supply blocks, unpowered buildings, or Contaminate may cause inaccurate times.
  • Supply counts are checked every 10 seconds.